 Dungeon Crawl Stone Soup version 0.25-a0-670-g50981ef59b (webtiles) character file.

Game seed: 17924004051051344705, levelgen mode: deterministic

20973 MisterFreud the Carver (level 12, 0/85 HPs)
             Began as an Octopode Fighter on Mar 29, 2020.
             Was a High Priest of Cheibriados.
             Killed from afar by an ice statue (18 damage)
             ... with a bolt of cold
             ... in an ice cave.
             The game lasted 00:24:52 (13394 turns).

MisterFreud the Carver (Octopode Fighter)          Turns: 13394, Time: 00:24:54

Health: 0/85       AC:  5    Str: 27    XL:     12   Next: 85%
Magic:  18/18      EV: 22    Int: 27    God:    Cheibriados [*****.]
Gold:   265        SH: 14    Dex: 24    Spells: 16/19 levels left

rFire    . . .     SeeInvis .   B - +4 long sword (freeze)
rCold    . . .     Gourm    .   b - +1 kite shield
rNeg     . . .     Faith    .   (helmet restricted)
rPois    .         Spirit   .   (no amulet)
rElec    .         Reflect  .   o - ring of resist corrosion
rCorr    +         Harm     .   i - +4 ring of protection
MR       .....                  c - ring of stealth
Stlth    ++++......             K - ring of flight
HPRegen  0.24/turn              (no ring)
MPRegen  0.16/turn              (no ring)
                                (no ring)
                                (no ring)

@: very slow
A: almost no armour, stealthy swim, amphibious, 8 rings, constrict 8, camouflage
1, gelatinous body 1
a: Bend Time, Temporal Distortion, Slouch, Step From Time, Renounce Religion,
Evoke Flight


You were in an ice cave.
You worshipped Cheibriados.
Cheibriados was extremely pleased with you.
You were very hungry.

You visited 4 branches of the dungeon, and saw 15 of its levels.
You also visited: Ice Cave.

You collected 587 gold pieces.
You spent 322 gold pieces at shops.

Inventory:

Hand Weapons
 y - a +2 great sword of holy wrath
 B - a +4 long sword of freezing (weapon)
Missiles
 H - a throwing net (quivered)
Armour
 b - a +1 kite shield (worn)
Jewellery
 c - a ring of stealth (on tentacle)
 i - a +4 ring of protection (right tentacle)
 o - a ring of resist corrosion (left tentacle)
 K - a ring of flight (on tentacle)
Wands
 a - a wand of disintegration (19)
 f - a wand of flame (22)
 t - a wand of digging (11)
 D - a wand of scattershot (1)
 L - a wand of acid (8)
Scrolls
 e - 9 scrolls of remove curse
 h - 3 scrolls of identify
 j - 2 scrolls of teleportation
 k - a scroll of blinking {unknown}
 n - 3 scrolls of magic mapping
 p - 3 scrolls of amnesia
 r - a scroll of fog
 u - 5 scrolls of enchant weapon
 w - 2 scrolls of enchant armour
 z - a scroll of fear {unknown}
 A - a scroll of immolation
 E - a scroll of acquirement {unknown}
 F - 2 scrolls of brand weapon {unknown}
Potions
 g - 6 potions of stabbing
 l - 7 potions of curing
 m - a potion of heal wounds
 q - 2 potions of cancellation
 s - 3 potions of flight
 v - a potion of invisibility
 x - 2 potions of ambrosia
 C - a potion of mutation
 I - a potion of brilliance
Miscellaneous
 G - a phial of floods
Comestibles
 d - 21 rations


   Skills:
 + Level 9.2 Fighting
 + Level 12.0 Long Blades
 - Level 10.0 Dodging
 + Level 8.7 Shields
 - Level 4.0 Spellcasting
 - Level 8.0 Invocations


You had 16 spell levels left.
You knew the following spells:

 Your Spells              Type           Power        Failure   Level  Hunger
a - Mephitic Cloud        Conj/Pois/Air  #.......     45%         3    ##.....

Your spell library contained the following spells:

 Spells                   Type           Power        Failure   Level  Hunger
 Poisonous Vapours        Pois/Air       #.....       26%         2    None
 Conjure Flame            Conj/Fire      #.......     45%         3    ##.....
 Freezing Cloud           Conj/Ice/Air   #.........   100%        6    #######
 Ring of Flames           Chrm/Fire      #.........   100%        7    #######


Dungeon Overview and Level Annotations

Branches:
Dungeon (8/15)             Temple (1/1) D:6            Lair (5/6) D:8
  Swamp (0/4) Lair:4        Snake (1/4) Lair:3        IceCv (1/1)
  Slime: Lair:5-6

Altars:
Cheibriados
Elyvilon
Nemelex Xobeh
Okawaru
Qazlal
Ru
Sif Muna
Trog
Vehumet
Zin

Shops:
D:5 !   D:7 ?   D:8 *

Annotations:
D:8 Joseph
Lair:2 exclusion: hydra
Lair:4 2 transporters, Vygymeh's ghost, journeyman DECj IceCv exclusion: 2 ice statues


Innate Abilities, Weirdness & Mutations

You cannot wear most types of armour.
You are very stealthy in the water. (Stealth+)
You are amphibious.
You can wear up to eight rings at the same time.
You can use your tentacles to constrict eight enemies at once.
Your skin changes colour to match your surroundings (Stealth+).
Your rubbery body absorbs attacks. (AC +1, EV +1)


Message History

The ice statue is moderately damaged.
You are engulfed in freezing vapours.
You block the ice beast's attack.
You hit the ice statue.
You squeeze the ice statue, but do no damage.
The ice statue is moderately damaged.
You are engulfed in freezing vapours.
The ice beast barely misses you.
The ice statue gestures.
You slash the ice statue!
The ice statue is heavily damaged.
You are engulfed in freezing vapours.
The ice statue gestures.
The ice beast hits you but does no damage.
You hit the ice statue.
The ice statue is heavily damaged.
You are engulfed in freezing vapours.
* * * LOW HITPOINT WARNING * * *
You block the ice beast's attack. The ice statue gestures at you.
The bolt of cold hits you!!
You die...

##### ##.....
##....... ##Y.......
#### #8°.......
##..## ##@°.4....
##....######°Y○......
#.......##.○.........
#..∩∩.............⌠..
#....................
##....##..##.........
##..########.Y......
#### 8........
#........


You could see 2 ice statues, an ice devil and 3 ice beasts.

Vanquished Creatures
  3 hydras
  2 death yaks (D:8)
  2 black mambas
  4 spiny frogs
  2 komodo dragons
  5 ice devils
  Grinder (D:6)
  8 blink frogs
  A bog body (Lair:4)
  5 hippogriffs
  Sigmund (D:2)
  A wyvern (Lair:4)
  31 yaks
  2 basilisks
  3 hungry ghosts
  Menkaure (D:6)
  3 water moccasins
  10 porcupines
  2 orc warriors
  2 black bears
  An ice beast (D:7)
  A phantom (D:4)
  9 wolves
  3 ogres (D:6)
  2 centaurs
  7 crocodiles
  Blork the orc (D:6)
  13 bullfrogs
  4 scorpions
  A wyvern skeleton (D:7)
  5 wights (D:7)
  A howler monkey (D:5)
  2 crimson imps
  3 bullfrog skeletons
  2 hounds
  3 orc priests
  2 iguanas
  6 orc wizards
  4 centaur skeletons
  A hell rat (D:8)
  Terence (D:2)
  3 worker ants
  9 gnolls
  9 adders
  A river rat (D:8)
  A shadow imp (D:7)
  3 oozes
  3 adder skeletons
  4 worms
  4 dart slugs
  3 leopard geckos
  25 orcs
  6 bats
  6 giant cockroaches
  4 goblins
  8 hobgoblins
  7 jackals
  13 kobolds
  6 quokkas
  6 frilled lizards
  A quokka skeleton (D:7)
  8 rats
291 creatures vanquished.

Vanquished Creatures (others)
  5 fungi
  5 plants
10 creatures vanquished.

Grand Total: 301 creatures vanquished

Notes
Turn   | Place    | Note
-------+----------+-------------------------------------------
     0 | D:1      | MisterFreud the Octopode Fighter began the quest for the
                  | Orb.
     0 | D:1      | Reached XP level 1. HP: 16/16 MP: 1/1
    78 | D:1      | Reached XP level 2. HP: 5/21 MP: 2/2
   333 | D:1      | Reached skill level 3 in Long Blades
   397 | D:1      | Reached XP level 3. HP: 22/26 MP: 3/3
   790 | D:2      | Reached skill level 4 in Long Blades
   999 | D:2      | Reached XP level 4. HP: 16/31 MP: 4/4
  1226 | D:2      | Noticed Terence
  1234 | D:2      | Killed Terence
  1418 | D:2      | Noticed Sigmund
  1427 | D:2      | Killed Sigmund
  1427 | D:2      | Reached skill level 6 in Long Blades
  1427 | D:2      | Reached XP level 5. HP: 24/36 MP: 5/5
  1427 | D:2      | Reached XP level 6. HP: 28/42 MP: 6/6
  1512 | D:2      | Found a stormy altar of Qazlal.
  1518 | D:2      | Found a radiant altar of Vehumet.
  3329 | D:4      | Reached XP level 7. HP: 44/46 MP: 7/7
  3365 | D:4      | Reached skill level 5 in Dodging
  4119 | D:5      | Entered Level 5 of the Dungeon
  4370 | D:5      | Found Vaqy's Distillery.
  4376 | D:5      | Bought a potion of curing for 30 gold pieces
  4376 | D:5      | Bought a potion of heal wounds for 50 gold pieces
  4376 | D:5      | Bought a potion of invisibility for 80 gold pieces
  5185 | D:6      | Noticed Blork the orc
  5222 | D:6      | Reached XP level 8. HP: 29/52 MP: 8/8
  5596 | D:6      | Killed Blork the orc
  5743 | D:6      | Reached skill level 7 in Long Blades
  5747 | D:6      | Found a staircase to the Ecumenical Temple.
  5759 | D:6      | Noticed Menkaure
  5764 | Temple   | Entered the Ecumenical Temple
  5767 | Temple   | Became a worshipper of Cheibriados the Contemplative
  5782 | D:6      | Killed Menkaure
  5782 | D:6      | Reached XP level 9. HP: 31/59 MP: 9/9
  5793 | D:6      | Noticed Grinder
  5813 | D:6      | Killed Grinder
  5817 | D:6      | Found a faded altar of an unknown god.
  5817 | D:6      | Found a bloodstained altar of Trog.
  5822 | D:6      | Found a shimmering blue altar of Sif Muna.
  5824 | D:6      | Found a sacrificial altar of Ru.
  5825 | D:6      | Found a sparkling altar of Nemelex Xobeh.
  6329 | D:6      | Reached skill level 5 in Fighting
  6329 | D:6      | Reached skill level 5 in Shields
  6759 | D:7      | Found a white marble altar of Elyvilon.
  6770 | D:7      | Reached * piety under Cheibriados
  6775 | D:7      | Reached skill level 8 in Long Blades
  7207 | D:7      | Found Ivvukkif's Magic Scroll Boutique.
  7210 | D:7      | Bought a scroll of enchant weapon for 90 gold pieces
  7210 | D:7      | Bought a scroll of teleportation for 36 gold pieces
  7210 | D:7      | Bought a scroll of remove curse for 36 gold pieces
  7368 | D:8      | Reached skill level 9 in Long Blades
  7451 | D:8      | Reached ** piety under Cheibriados
  7461 | D:8      | Noticed a death yak
  7462 | D:8      | Noticed a death yak
  7463 | D:8      | Noticed a death yak
  7688 | D:8      | Found Zin's Purification Station.
  7705 | D:8      | Reached XP level 10. HP: 66/68 MP: 10/10
  7790 | D:8      | Reached skill level 10 in Long Blades
  7845 | D:8      | Found a glowing silver altar of Zin.
  7884 | D:8      | Killed a death yak
  7897 | D:8      | Killed a death yak
  7897 | D:8      | Reached *** piety under Cheibriados
  7903 | D:8      | Found a staircase to the Lair.
  7907 | D:8      | Noticed Joseph
  7909 | Lair:1   | Entered Level 1 of the Lair of Beasts
  8106 | Lair:1   | Noticed a spiny frog
  8115 | Lair:1   | Killed a spiny frog
  8443 | Lair:1   | Reached skill level 5 in Invocations
  8443 | Lair:1   | Reached XP level 11. HP: 25/74 MP: 14/14
  8445 | Lair:1   | HP: 1/74 [yak (17)]
  9589 | Lair:2   | Noticed an eight-headed hydra
  9606 | Lair:2   | Reached **** piety under Cheibriados
 10089 | Lair:2   | Reached skill level 11 in Long Blades
 10376 | Lair:3   | Noticed an eight-headed hydra
 10671 | Lair:3   | Found a staircase to the Snake Pit.
 10822 | Lair:3   | Killed an eight-headed hydra
 10933 | Lair:3   | Reached XP level 12. HP: 83/83 MP: 17/17
 10938 | Lair:3   | Learned a level 3 spell: Mephitic Cloud
 10961 | Lair:3   | Reached skill level 1 in Spellcasting
 11633 | Snake:1  | Entered Level 1 of the Snake Pit
 11703 | Lair:4   | Reached skill level 10 in Dodging
 11745 | Lair:4   | Noticed a four-headed hydra
 11748 | Lair:4   | Killed a four-headed hydra
 12073 | Lair:4   | Reached ***** piety under Cheibriados
 12485 | Lair:4   | Noticed a five-headed hydra
 12490 | Lair:4   | Killed a five-headed hydra
 12518 | Lair:4   | Found a staircase to the Swamp.
 12836 | Lair:4   | Noticed Vygymeh's ghost (journeyman DECj)
 12851 | Lair:4   | Found a transporter.
 12853 | Lair:4   | Found a transporter.
 13073 | Lair:5   | Found a frozen archway.
 13093 | IceCv    | Entered an ice cave
 13333 | IceCv    | Reached skill level 12 in Long Blades
 13394 | IceCv    | Killed from afar by an ice statue

Levels and vault maps discovered:
D:1:      arrival_zaba_pyramid, layout_rooms
D:2:      layout_basic, minitemple, first_ration, uniq_sigmund, uniq_terence
D:3:      layout_loops_cross, roderic_roman_lattice, item_on_display_a
D:4:      layout_basic
D:5:      layout_basic, serial_shops, shop
D:6:      layout_layer_cave, chequers_temple_overflow_minitemple,
          minmay_temple_entry_waves, uniq_blork_the_orc, uniq_menkaure,
          uniq_grinder
D:7:      layout_basic, elyvilon_altar_5, serial_shops, kennysheep_mini
D:8:      layout_rooms, zin_purify, dpeg_lair_monsters, uniq_joseph
Temple:   nicolae_temple_hex_pool
Lair:1:   layout_hall_layers, grunt_megastairs_4
Lair:2:   layout_small_grid
Lair:3:   layout_chaotic_city, dummy_snake_entry, beast_lair_carwin_4,
          serial_bayou_shore_b
Lair:4:   layout_loops_ring, skrybe_swamp_entry_bodies, serial_forest,
          infiniplex_forest_zigzag_1, infiniplex_forest_end_2,
          infiniplex_forest_diagonal, infiniplex_forest_straight_3,
          gammafunk_ghost_hive, st_stairs_10
Lair:5:   layout_roguey, nicolae_slime_entry_slimehenge,
          portal_ice_cave_demonic_guard, lemuel_fruit_tree
Snake:1:  layout_misc_corridors, basic_altar, uniq_louise
IceCv:    ice_cave_tombish

Skill      XL: |  1  2  3  4  5  6  7  8  9 10 11 12 |
---------------+-------------------------------------+-----
Long Blades    | 3 4 6 7 9 10 11 12 | 12.0
Dodging        | 4 7 8 9 10 | 10.0
Fighting       | 4 6 8 9 |  9.2
Shields        | 4 5 6 7 8 |  8.7
Invocations    | 5 6 8 |  8.0
Spellcasting   | 4 |  4.0

Action                   |  1- 3 |  4- 6 |  7- 9 | 10-12 || total
-------------------------+-------+-------+-------+-------++-------
Melee: Long sword        |    47 |   107 |   255 |   392 ||   801
       Constrict         |    20 |    31 |    55 |    47 ||   153
       Tentacles         |    14 |    22 |    75 |   152 ||   263
       Great sword       |       |       |     6 |       ||     6
Evoke: Wand              |       |       |     4 |     8 ||    12
  Use: Potion            |       |     2 |     3 |     4 ||     9
       Scroll            |       |     2 |     6 |    10 ||    18
 Stab: Sleeping          |       |     5 |     8 |     8 ||    21
       Distracted        |       |     1 |       |     2 ||     3
  Eat: Chunk             |       |     8 |    12 |    12 ||    32
       Ration            |       |       |     1 |       ||     1
Armor: Skin              |     2 |    14 |    28 |    30 ||    74
Dodge: Dodged            |    25 |    34 |   144 |   159 ||   362
Block: Kite shield       |    18 |    48 |   117 |   189 ||   372
       Rpst.: Long sword |     7 |     7 |    39 |    49 ||   102
       Great sword       |       |       |     4 |       ||     4

Table legend:
 A = Non-vault XP
 B = Vault XP
 C = Vault XP percentage of total XP
 D = Non-vault monster count
 E = Vault monster count
 F = Vault count percentage of total count
                 A         B        C        D         E       F
            +---------+---------+-------+---------+---------+-------
      Total |   23640 |    6322 |  21.1 |     268 |      23 |   7.9
            +---------+---------+-------+---------+---------+-------
        D:1 |      53 |       0 |   0.0 |      27 |       0 |   0.0
        D:2 |      63 |     256 |  80.3 |      15 |       2 |  11.8
        D:3 |     130 |       0 |   0.0 |      27 |       0 |   0.0
        D:4 |     450 |       0 |   0.0 |      22 |       0 |   0.0
        D:5 |     155 |       0 |   0.0 |      10 |       0 |   0.0
        D:6 |    1324 |     531 |  28.6 |      23 |       3 |  11.5
        D:7 |    1156 |       0 |   0.0 |      26 |       0 |   0.0
        D:8 |    1058 |    1815 |  63.2 |      28 |       5 |  15.2
     Lair:1 |    2786 |     786 |  22.0 |      14 |       2 |  12.5
     Lair:2 |    2817 |       0 |   0.0 |      16 |       0 |   0.0
     Lair:3 |    5388 |    1034 |  16.1 |      24 |       5 |  17.2
     Lair:4 |    8030 |     265 |   3.2 |      34 |       1 |   2.9
     Lair:5 |     230 |     650 |  73.9 |       2 |       2 |  50.0
      IceCv |       0 |     985 | 100.0 |       0 |       3 | 100.0
            +---------+---------+-------+---------+---------+-------
